 Dungeon Crawl Stone Soup version 0.29-a0-802-g34511f41fd (webtiles) character file.

Game seed: 2022354964171620663

1573 buhh the Ducker (level 8, -4/57 HPs)
             Began as an Octopode Transmuter on July 3, 2022.
             Was an Initiate of Cheibriados.
             Killed by divine providence
             ... invoked by an orc priest
              (16 damage)
             ... on level 6 of the Dungeon.
             The game lasted 00:17:13 (7897 turns).

buhh the Ducker (Octopode Transmuter)               Turns: 7897, Time: 00:17:14

Health: -4/57      AC:  2    Str: 10    XL:     8   Next: 90%
Magic:  8/11       EV: 23    Int: 19    God:    Cheibriados [......]
Gold:   306        SH:  0    Dex: 18    Spells: 1/11 levels left

rFire   . . .      SeeInvis .     - Unarmed
rCold   . . .      Faith    .   (shield currently unavailable)
rNeg    . . .      Spirit   .   (helmet currently unavailable)
rPois   .          Reflect  .   (no amulet)
rElec   .          Harm     .   l - ring of flight
rCorr   .          Rampage  .   p - ring of wizardry
Will    .....                   u - ring of wizardry
Stlth   ++........              w - ring of poison resistance
HPRegen 0.19/turn               (no ring)
MPRegen 0.12/turn               (no ring)
                                (no ring)
                                (no ring)

@: spider-form, flying, very slow
A: venomous fangs, almost no armour, (amphibious), 8 rings, tiny, (camouflage
1), (gelatinous body 1), (nimble swimmer 1), (tentacles)
a: End Transformation, Renounce Religion


You were on level 6 of the Dungeon.
You worshipped Cheibriados.
Cheibriados was noncommittal.
You were a venomous arachnid creature.
You visited 1 branch of the dungeon, and saw 6 of its levels.

You collected 306 gold pieces.

Inventory:

Missiles
 c - 6 poisoned darts
Jewellery
 l - a ring of flight (left front leg)
 p - a ring of wizardry (right front leg)
 u - a ring of wizardry (on tentacle)
 w - a ring of poison resistance (on tentacle)
Wands
 h - a wand of polymorph (7)
 k - a wand of mindburst (5)
 v - a wand of digging (2)
Scrolls
 a - a scroll of fog {unknown}
 b - a scroll of blinking {unknown}
 e - a scroll of noise {unknown}
 g - a scroll of identify {!d}
 i - a scroll of poison
 n - 2 scrolls of fear {unknown}
 q - 2 scrolls of immolation {unknown}
 r - a scroll of amnesia {unknown}
 t - a scroll of teleportation {!d}
Potions
 d - a potion of heal wounds {unknown}
 f - 2 potions of brilliance {unknown}
 j - 3 potions of attraction
 m - 2 potions of haste {unknown}
 o - a potion of cancellation {unknown}
 s - a potion of degeneration {unknown}
 J - a potion of magic {!q!d}
 U - a potion of mutation {!d}


   Skills:
 * Level 6.2 Fighting
 * Level 6.2 Dodging
 - Level 3.0 Stealth
 * Level 6.2 Unarmed Combat
 - Level 2.0 Spellcasting
 - Level 2.0 Transmutations
 - Level 2.0 Ice Magic
 - Level 2.0 Poison Magic


You had one spell level left.
You knew the following spells:

 Your Spells              Type           Power      Damage    Failure   Level
a - Beastly Appendage     Tmut           18%        N/A       5%          1
b - Wereblood             Tmut           9%         N/A       7%          2
c - Spider Form           Tmut/Pois      9%         N/A       13%         3
d - Ice Form              Ice/Tmut       9%         N/A       32%         4

Your spell library contained the following spells:

 Spells                   Type           Power      Damage    Failure   Level
 Summon Small Mammal      Summ           4%         N/A       11%         1
 Call Canine Familiar     Summ           1%         N/A       24%         3
 Summon Guardian Golem    Hex/Summ       1%         N/A       24%         3


Dungeon Overview and Level Annotations

Branches:
Dungeon (6/15) Zot: 39903
 Temple: D:4-7

Altars:
Cheibriados
Elyvilon
Hepliaklqana
Okawaru
Xom
Yredelemnul

Annotations:
D:5 exclusion: wyvern
D:6 2 transporters


Innate Abilities, Weirdness & Mutations

You are a venomous arachnid creature.
You have poisonous fangs.
You are tiny and dextrous.
Your spellcasting is less reliable in this form.
Your armour is entirely melded.
You are incapable of wielding weapons or throwing items.
You cannot wear most types of armour.
((You are amphibious.))
You can wear up to eight rings at the same time.
((Your skin changes colour to match your surroundings (Stealth+).))
((Your rubbery body absorbs attacks. (AC +1, EV +1)))
((You are camouflaged when in or above water. (Stealth+)))
((You have tentacles for arms and can constrict up to eight enemies at once.))


Message History

Cheibriados appreciates the change of pace.
You see here a +0 dagger.
Your transformation has ended.
You see here a +0 dagger.
An orc comes into view. It is wielding a +0 dagger.
The orc shouts!
You hear a shout!
You turn into a venomous arachnid creature.
You bite the orc!
You kill the orc!
Cheibriados appreciates the change of pace.
You see here a +0 dagger.
Your transformation is almost over.
Your transformation has ended.
f - 2 sapphire potions (gained 1)
The orc warrior shouts!
The orc warrior unwields a +0 halberd.
The orc warrior wields a +0 arbalest.
The orc warrior shoots a bolt.
The bolt hits you!
The orc priest shouts!
You turn into a venomous arachnid creature.
You barely miss the orc priest. The orc priest misses you.
The orc warrior shoots a bolt.
The bolt misses you. The orc priest closely misses you.
The orc warrior unwields a +0 arbalest.
The orc warrior wields a +0 halberd.
The orc warrior barely misses you.
The orc priest mumbles some strange prayers to Beogh against you.
Beogh smites you!
You bite the orc warrior!
The orc warrior is poisoned.
The orc warrior is moderately wounded.
The orc warrior hits you with a +0 halberd!
You hit the orc warrior but do no damage.
The orc warrior is moderately wounded.
The orc priest misses you. The orc warrior completely misses you.
You hit the orc warrior.
The orc warrior looks as sick as possible!
The orc warrior is heavily wounded.
The orc priest hits you with a +0 short sword.
The orc warrior hits you with a +0 halberd!
* * * LOW HITPOINT WARNING * * *
The orc priest invokes the aid of Beogh against you.
Beogh smites you!
You die...

≈≈≈≈≈≈#.P#.#.#...#
Ko....#P8#.#.###.##
##########.#......#
..................##
...................##+#
#......####......)....# ###.#
#>.....# #...^..o....##......
#......##########....÷.[......
.......##.......so####........
.......##.#######.# +........
....>.....#.....#.# #.....###
..........#.###.#.# #...[.#
..........#.###.#.# #...o...
..........#.#.....# #o......#
..................# #.......#
....<.......#....##
...#.............#


You could see an orc warrior (extremely poisoned) and an orc priest.

Vanquished Creatures
  Pikel (D:4)
  Sigmund (D:2)
  A water moccasin (D:5)
  Duvessa (D:4)
  An ogre (D:5)
  A lemure (D:4)
  A phantom (D:5)
  2 scorpions
  Dowan (D:4)
  A jelly (D:4)
  A hound (D:5)
  4 iguanas
  An orc wizard (D:4)
  Terence (D:2)
  10 adders
  An ufetubus (D:5)
  3 worms
  4 dart slugs
  20 orcs
  6 endoplasms
  3 giant cockroaches
  5 goblins
  7 hobgoblins
  3 ball pythons
  6 bats
  2 frilled lizards (D:1)
  7 kobolds
  9 rats
104 creatures vanquished.

Notes
Turn   | Place    | Note
-------+----------+-------------------------------------------
     0 | D:1      | buhh the Octopode Transmuter began the quest for the Orb.
     0 | D:1      | Reached XP level 1. HP: 13/13 MP: 3/3
   190 | D:1      | Reached XP level 2. HP: 13/18 MP: 3/5
  1057 | D:2      | Reached XP level 3. HP: 24/24 MP: 4/6
  1105 | D:2      | Learned a level 2 spell: Wereblood
  1109 | D:2      | Learned a level 3 spell: Spider Form
  1282 | D:2      | Noticed Sigmund
  1481 | D:2      | Noticed Terence
  1489 | D:2      | Killed Terence
  1490 | D:2      | Reached XP level 4. HP: 30/30 MP: 7/7
  2028 | D:3      | Found an iron altar of Okawaru.
  2275 | D:3      | Found a basalt altar of Yredelemnul.
  2391 | D:3      | Reached XP level 5. HP: 36/36 MP: 6/8
  2431 | D:3      | Found a shimmering altar of Xom.
  2937 | D:4      | Noticed a lemure
  3061 | D:4      | Noticed Duvessa
  3061 | D:4      | Noticed Dowan
  3193 | D:2      | Killed Sigmund
  3194 | D:2      | Reached XP level 6. HP: 45/45 MP: 9/9
  3570 | D:4      | Killed Duvessa
  3571 | D:4      | Killed Dowan
  3572 | D:4      | Reached XP level 7. HP: 50/50 MP: 5/10
  4962 | D:5      | Entered Level 5 of the Dungeon
  5755 | D:5      | Found a hazy altar of Hepliaklqana.
  5804 | D:5      | Found a snail-covered altar of Cheibriados.
  5847 | D:5      | Became a worshipper of Cheibriados the Contemplative
  5905 | D:5      | Learned a level 4 spell: Ice Form
  6113 | D:5      | Noticed a wyvern
  6141 | D:5      | Reached XP level 8. HP: 57/57 MP: 8/11
  6882 | D:4      | Noticed Pikel
  7139 | D:4      | Killed Pikel
  7438 | D:6      | Found a transporter.
  7443 | D:6      | Noticed a kobold demonologist
  7682 | D:6      | Found a white marble altar of Elyvilon.
  7759 | D:6      | Found a transporter.
  7897 | D:6      | Killed from afar by an orc priest

Illustrated notes

Levels and vault maps discovered:
D:1:      minmay_arrival_plants_in_alcoves, layout_rooms, minmay_misc_feat_room,
          hangedman_abyss_or_decor_lesser_grid, interstate_on_off,
          chequers_serial_rivers_large_b
D:2:      layout_basic, uniq_terence, uniq_sigmund
D:3:      layout_basic, xom_teletrap_fun, mainiacjoe_overflow_brackets,
          okawaru_altar_gauntlet_db
D:4:      layout_basic, uniq_duvessa, uniq_pikel
D:5:      layout_cave_pods, mainiacjoe_overflow_large_starburst,
          hangedman_decor_lopped, st_stairs_9
D:6:      gammafunk_wand_slinger, layout_basic, nicolae_overflow_hidden_temple,
          minmay_temple_entry_enclosed_plants

Skill      XL: |  1  2  3  4  5  6  7  8 |
---------------+-------------------------+-----
Stealth        | 2 3 |  3.0
Fighting       | 2 3 4 5 6 |  6.2
Unarmed Combat | 4 5 6 |  6.2
Poison Magic   | 2 |  2.0
Dodging        | 3 6 |  6.2
Ice Magic      | 2 |  2.0
Spellcasting   | |  2.0
Transmutations | |  2.0

Action                   |  1- 3 |  4- 6 |  7- 9 || total
-------------------------+-------+-------+-------++-------
Melee: Unarmed           |    65 |    60 |   121 ||   246
       Constrict         |    19 |    16 |     5 ||    40
       Kick              |    17 |    23 |     7 ||    47
       Tentacles         |    10 |     9 |     5 ||    24
       Punch             |     1 |     4 |       ||     5
 Cast: Beastly Appendage |    22 |    15 |     7 ||    44
       Wereblood         |       |     3 |       ||     3
       Spider Form       |       |     3 |    22 ||    25
Evoke: Wand              |       |     6 |     8 ||    14
  Use: Potion            |     1 |       |     2 ||     3
       Scroll            |       |     7 |     5 ||    12
 Stab: Sleeping          |    13 |     4 |     2 ||    19
       Distracted        |       |     1 |       ||     1
Armor: Skin              |     7 |     2 |    10 ||    19
Dodge: Dodged            |    29 |    31 |    91 ||   151

Table legend: (Time is in decaauts)
 A = Elapsed time spent in this place.
 B = Non-inter-level travel time spent in this place.
 C = Inter-level travel time spent in this place.
 D = Time resting spent in this place.
 E = Time spent auto-exploring this place.
 F = Levels seen in this place.
 G = Mean time per level.
                   A        B        C        D        E       F      G
               +--------+--------+--------+--------+--------+-----+--------+
         Total |   8293 |   7602 |    691 |   1846 |   4406 |   6 | 1382.2 |
       Dungeon |   8293 |   7602 |    691 |   1846 |   4406 |   6 | 1382.2 |
               +--------+--------+--------+--------+--------+-----+--------+

Top non-repeatable levels by time:
     D:5: 2164 daAuts
     D:4: 2083 daAuts
     D:3: 1328 daAuts
     D:2: 1173 daAuts
     D:1: 951 daAuts
     D:6: 593 daAuts
